 Dungeon Crawl Stone Soup version 0.31-a0-460-g9e667d4245 (webtiles) character file.

Game seed: 8152004623614890390

11327 horus123 the Destroyer (level 11, -1/54 HPs)
             Began as a Deep Elf Earth Elementalist on Aug 5, 2023.
             Was an Initiate of Gozag.
             Slain by a yak (7 damage)
             ... on level 11 of the Dungeon.
             The game lasted 00:25:44 (11505 turns).

horus123 the Destroyer (DEEE)                      Turns: 11505, Time: 00:25:44

Health: -1/54      AC:  6    Str:  5    XL:     11   Next: 47%
Magic:  9/29       EV: 13    Int: 31    God:    Gozag
Gold:   2069       SH:  0    Dex: 24    Spells: 23/34 levels left

rFire   x . .        G - +4 war axe "Ogrebane" {elec, rPois Int+2 Dex+3 Stlth+}
rCold   + . .        (no shield)
rNeg    . . .        l - +2 robe {Will+}
rPois   +            (no helmet)
rElec   .            D - +0 cloak
rCorr   .            B - +0 pair of gloves
SInv    .            (no boots)
Will    ++...        (no amulet)
Stlth   ++++         i - ring of wizardry
HPRegen 0.29/turn    r - ring of the King {rF- rC+ Int+4 Dex+6}
MPRegen 0.21/turn

%: wizardry (x1)
@: no status effects
A: no striking features
a: Renounce Religion, Potion Petition, Call Merchant, Bribe Branch


You were on level 11 of the Dungeon.
You worshipped Gozag.
Gozag was most pleased with you.
You visited 1 branch of the dungeon, and saw 11 of its levels.

You collected 2110 gold pieces.
You paid 41 gold pieces to Gozag.

Inventory:

Hand Weapons
 k - a +0 rapier
 o - a +3 short sword
 C - a +2 quarterstaff of chaos
 G - the +4 war axe "Ogrebane" (weapon) {elec, rPois Int+2 Dex+3 Stlth+}
   (You found it on level 7 of the Dungeon)

   Int:       It affects your intelligence (+2).
   Dex:       It affects your dexterity (+3).
   rPois:     It protects you from poison.
   Stlth:     It makes you more stealthy.
 L - the +6 trident of Moral Flaws {speed, Str+4 Int+3 Dex+5}
   (You found it on level 10 of the Dungeon)

   Str:       It affects your strength (+4).
   Int:       It affects your intelligence (+3).
   Dex:       It affects your dexterity (+5).
Missiles
 b - a throwing net
Armour
 l - a +2 robe of willpower (worn)
 B - a +0 pair of gloves (worn)
 D - a +0 cloak (worn)
Jewellery
 d - a ring of ice
 i - a ring of wizardry (left hand)
 j - a ring of resist corrosion
 n - a ring of poison resistance
 r - the ring of the King (right hand) {rF- rC+ Int+4 Dex+6}
   (You found it on level 3 of the Dungeon)

   [ring of dexterity]

   Int:       It affects your intelligence (+4).
   Dex:       It affects your dexterity (+6).
   rF:        It makes you vulnerable to fire.
   rC:        It protects you from cold.
 u - a ring of wizardry
 w - an amulet of guardian spirit
 J - a +4 ring of protection
Wands
 E - a wand of digging (9)
 K - a wand of charming (6)
Scrolls
 a - a scroll of noise
 c - a scroll of amnesia
 e - a scroll of butterflies
 p - a scroll of immolation
 q - a scroll of revelation
 v - a scroll of fog
 y - a scroll of brand weapon
 z - a scroll of fear {unknown}
 A - 6 scrolls of teleportation
Potions
 f - 2 potions of curing
 g - a potion of enlightenment {unknown}
 h - 3 potions of might
 m - 3 potions of degeneration
 s - a potion of brilliance {unknown}
 t - a potion of heal wounds {unknown}
 x - a potion of experience {unknown}
 F - 3 potions of haste {unknown}
 H - a potion of resistance {unknown}
 I - 3 potions of ambrosia {unknown}


   Skills:
 - Level 2.4 Dodging
 - Level 2.4 Stealth
 - Level 12.0 Spellcasting
 - Level 12.0 Conjurations
 - Level 3.0 Transmutations
 - Level 10.0 Fire Magic
 + Level 8.2 Earth Magic


You had 23 spell levels left.
You knew the following spells:

 Your Spells              Type           Power      Damage    Failure   Level
a - Sandblast             Erth           100%       2d20      1%          1
b - Passwall              Tmut/Erth      43%        N/A       1%          2
c - Stone Arrow           Conj/Erth      100%       3d13      1%          3
d - Fireball              Conj/Fire      36%        3d15      1%          5

Your spell library contained the following spells:

 Spells                   Type           Power      Damage    Failure   Level
 Apportation              Tloc           36%        N/A       1%          1
 Ensorcelled Hibernation  Hex/Ice        36%        N/A       1%          2
 Poisonous Vapours        Pois/Air       36%        N/A       1%          2
 Mephitic Cloud           Conj/Pois/Air  43%        N/A       1%          3
 Animate Armour           Summ/Erth      88%        N/A       1%          4
 Petrify                  Tmut/Erth      52%        N/A       1%          4
 Tukima's Dance           Hex            18%        N/A       3%          3
 Freezing Cloud           Conj/Ice/Air   21%        6-21      6%          5
 Dispel Undead            Necr           18%        3d11      11%         4
 Passage of Golubria      Tloc           18%        N/A       11%         4
 Alistair's Intoxication  Tmut/Pois      18%        N/A       16%         5
 Yara's Violent Unravell  Hex/Tmut       14%        3d7       16%         5
 Death's Door             Necr           9%         N/A       100%        9


Dungeon Overview and Level Annotations

Branches:
Dungeon (11/15)            Temple (0/1) D:6             Orc (0/2) D:9
   Lair: D:8-11

Altars:
Dithmenos
Elyvilon
Gozag
Kikubaaqudgha
Nemelex Xobeh
Okawaru
Sif Muna
Uskayaw
Xom
Yredelemnul

Shops:
D:6 ?   D:9 (


Message History

Your Spellcasting skill increases to level 12!
You need to enable at least one skill for training.
Casting: Sandblast (safe; 1% risk of failure)
Confirm with . or Enter, or press ? or * to list all spells.
Aiming: Stone Arrow (safe; 1% risk of failure)
Press: ? - help, Shift-Dir - straight line, f - yak
Aim: a yak (87% to hit)
The stone arrow hits the yak!
The yak is heavily wounded.
The yak gores you.
* * * LOW HITPOINT WARNING * * *
The yak is distracted by your dazzling golden aura.
Casting: Stone Arrow (safe; 1% risk of failure)
Confirm with . or Enter, or press ? or * to list all spells.
Aiming: Stone Arrow (safe; 1% risk of failure)
Press: ? - help, Shift-Dir - straight line, f/p - yak
Aim: a yak (heavily wounded, 87% to hit)
The stone arrow hits the yak!!
You kill the yak!
The yak bellows!
Casting: Stone Arrow (safe; 1% risk of failure)
Confirm with . or Enter, or press ? or * to list all spells.
Aiming: Stone Arrow (safe; 1% risk of failure)
Press: ? - help, Shift-Dir - straight line, f - yak
Aim: a yak (87% to hit)
The stone arrow hits the yak!!
The yak is severely wounded.
The yak gores you!
* * * LOW HITPOINT WARNING * * *
You feel better. The yak gores you.
* * * LOW HITPOINT WARNING * * *
The yak is no longer distracted by gold.
There is an open door here.
You hit the yak. You punch the yak.
The yak is severely wounded.
The yak gores you!
* * * LOW HITPOINT WARNING * * *
The yak attacks as you move away! The yak gores you!
You die...
Your body crumbles into a pile of gold.

######## #......#
######## ###......#
.......# ###YY......#
.......#####...#@<(...+
.......##$$Y.###......#
.......#..#### #......#
$Y.....#.## #......#
..Y....'.# #####'##
.......### #...#
##+##### ##.### #..#
#.# ##.### ###.#


You could see 2 yaks.

Vanquished Creatures
  Erolcha (D:10)
  2 two-headed ogres
  The ghost of lunkers the Martial Artist, a novice MeSh of Makhleb (D:7)
  A cyclops (D:7)
  A kobold demonologist (D:9)
  A troll (D:11)
  A shadow (D:7)
  4 wyverns
  Sigmund (D:2)
  Eustachio (D:4)
  13 yaks
  4 wraiths
  3 steam dragons
  2 water moccasins (D:8)
  An ice beast (D:6)
  2 orc warriors (D:9)
  3 sky beasts
  A black bear (D:7)
  An ogre (D:4)
  3 centaurs
  2 kobold brigands
  4 phantoms
  2 bullfrogs (D:6)
  Blork the orc (D:4)
  4 scorpions
  A troll zombie (D:9)
  8 wights (D:9)
  13 killer bees
  5 electric eels (D:7)
  3 gnoll boudas
  4 hounds
  A jelly (D:6)
  4 orc priests
  Crazy Yiuf (D:5)
  5 iguanas
  8 orc wizards
  7 ogre zombies (D:9)
  14 gnolls
  7 adders
  A shadow imp (D:6)
  3 white imps
  An ufetubus (D:7)
  A worm (D:2)
  A dart slug (D:1)
  26 orcs
  7 ball pythons
  10 endoplasms
  3 giant cockroaches
  10 goblins
  4 hobgoblins
  4 jackals (D:1)
  15 kobolds
  4 quokkas
  3 training dummies (D:9)
  7 bats
  8 frilled lizards
  2 goblin skeletons (D:9)
  4 goblin zombies (D:9)
  A hobgoblin skeleton (D:9)
  A hobgoblin zombie (D:9)
  3 orc skeletons (D:9)
  14 orc zombies (D:9)
  4 rats
278 creatures vanquished.

Vanquished Creatures (others)
  A sky beast (D:6)
  An orc (D:6)
2 creatures vanquished.

Grand Total: 280 creatures vanquished

Notes
Turn   | Place    | Note
-------+----------+-------------------------------------------
     0 | D:1      | horus123 the Deep Elf Earth Elementalist began the quest
                  | for the Orb.
     0 | D:1      | Reached XP level 1. HP: 10/10 MP: 6/6
   170 | D:1      | Reached XP level 2. HP: 15/15 MP: 7/9
   286 | D:1      | Learned a level 2 spell: Passwall
   371 | D:1      | Found a faded altar of an unknown god.
   576 | D:1      | Reached XP level 3. HP: 19/19 MP: 9/11
   776 | D:1      | Reached skill level 5 in Spellcasting
  1170 | D:2      | Identified the ring "Xedowk" {rPois SInv}
  1310 | D:2      | Learned a level 3 spell: Stone Arrow
  1386 | D:2      | Reached XP level 4. HP: 24/24 MP: 11/14
  1567 | D:2      | Noticed Sigmund
  1573 | D:2      | Killed Sigmund
  1574 | D:2      | Reached XP level 5. HP: 16/28 MP: 6/16
  1975 | D:3      | Found a hide-covered altar of Uskayaw.
  2304 | D:3      | Found a white marble altar of Elyvilon.
  2349 | D:3      | Identified the ring of the King {rF- rC+ Int+4 Dex+6}
  2560 | D:4      | Noticed an ogre
  2562 | D:4      | Killed an ogre
  2563 | D:4      | Reached XP level 6. HP: 32/32 MP: 13/18
  2609 | D:4      | Noticed Blork the orc
  2614 | D:4      | Killed Blork the orc
  2615 | D:4      | Reached skill level 5 in Conjurations
  2616 | D:4      | Got Sif Muna's Folio of the Graveyard and the Evil Eye
  2708 | D:4      | Found an opulent altar of Gozag.
  2784 | D:4      | Became a worshipper of Gozag Ym Sagoz the Greedy
  2838 | D:4      | Noticed Eustachio
  2885 | D:4      | Killed Eustachio
  2886 | D:4      | Reached XP level 7. HP: 36/36 MP: 7/19
  3625 | D:5      | Entered Level 5 of the Dungeon
  4385 | D:5      | Found a runed translucent door.
  4386 | D:5      | Noticed Crazy Yiuf
  4714 | D:5      | Killed Crazy Yiuf
  4715 | D:5      | Reached XP level 8. HP: 32/41 MP: 13/20
  4853 | D:6      | Reached skill level 5 in Earth Magic
  5312 | D:6      | Got the Secrets of Burnt Cleavage
  5319 | D:6      | Learned a level 5 spell: Fireball
  5418 | D:6      | Reached XP level 9. HP: 45/45 MP: 19/22
  5554 | D:6      | Found an iron altar of Okawaru.
  5625 | D:6      | Found a staircase to the Ecumenical Temple.
  5683 | D:6      | Found a basalt altar of Yredelemnul.
  5895 | D:6      | Found Gifyhies's Magic Scroll Shoppe.
  6207 | D:7      | Found a shadowy altar of Dithmenos.
  6436 | D:7      | Reached skill level 1 in Fire Magic
  6793 | D:7      | Identified the +4 war axe "Ogrebane" {elec, rPois Int+2
                  | Dex+3 Stlth+}
  6959 | D:7      | Found a large runed translucent door.
  6959 | D:7      | Found a large runed translucent door.
  6962 | D:7      | Noticed lunkers's ghost (novice MeSh)
  7259 | D:7      | Noticed a cyclops
  7262 | D:7      | Killed a cyclops
  7263 | D:7      | Reached skill level 5 in Fire Magic
  7623 | D:7      | Killed lunkers's ghost
  7858 | D:8      | Reached XP level 10. HP: 50/50 MP: 21/25
  8249 | D:8      | Reached skill level 10 in Fire Magic
  8456 | D:8      | Found a shimmering blue altar of Sif Muna.
  8716 | D:8      | Noticed a centaur warrior
  8716 | D:8      | Noticed a skeletal warrior
  8717 | D:8      | Noticed a cyclops
  8718 | D:8      | Noticed a gargoyle
  8720 | D:8      | Noticed a manticore
  8842 | D:9      | Noticed a two-headed ogre
  8845 | D:9      | Killed a two-headed ogre
  8938 | D:9      | Noticed a rust devil
  8940 | D:9      | Reached skill level 10 in Conjurations
  9124 | D:9      | Found a staircase to the Orcish Mines.
 10111 | D:9      | Reached XP level 11. HP: 43/54 MP: 22/26
 10412 | D:9      | Found a sparkling altar of Nemelex Xobeh.
 10521 | D:9      | Found Hastrywn's Firing Range.
 10639 | D:10     | Entered Level 10 of the Dungeon
 10680 | D:10     | Identified the +6 trident of Moral Flaws {speed, Str+4
                  | Int+3 Dex+5}
 10702 | D:10     | Noticed a two-headed ogre
 10705 | D:10     | Killed a two-headed ogre
 10826 | D:10     | Reached skill level 10 in Spellcasting
 10933 | D:10     | Found a shimmering altar of Xom.
 10933 | D:10     | Found an ancient bone altar of Kikubaaqudgha.
 11031 | D:10     | Noticed Erolcha
 11039 | D:10     | Killed Erolcha
 11505 | D:11     | Slain by a yak

Illustrated notes

Levels and vault maps discovered:
D:1:      lemuel_arrival_rhombus, layout_basic, shapermc_ecumenical_altar_ellora
D:2:      layout_rooms, uniq_sigmund
D:3:      layout_loops_ring, mainiacjoe_overflow_brackets,
          nicolae_overflow_hidden_temple
D:4:      minmay_general_purpose_star, layout_loops_cross,
          mainiacjoe_overflow_alcove_2, uniq_eustachio, uniq_blork_the_orc
D:5:      layout_cave_pods, uniq_crazy_yiuf_cottage
D:6:      minmay_evil_eye, layout_loops_corners, mainiacjoe_overflow_alcove_1,
          mainiacjoe_overflow_small_starburst, minmay_temple_entry_trees,
          serial_shops, shop, amcnicky_mini_corridor_feature, minmay_holes,
          minmay_strange_pillars, st_stairs_11
D:7:      layout_basic, lemuel_tele_altar, ebering_ghost_disaster_area,
          chequers_big_river, minmay_misc_feat_room, serial_bayou_pond_e,
          hangedman_decor_slide_cut, minmay_three_doors
D:8:      layout_loops_ring, mainiacjoe_overflow_catwalk, st_stairs_13,
          onia_ninara_dug_in_and_dangerous
D:9:      layout_long_grid, nemelex_diamond_rough_becter, zombieorc2_lemuel,
          serial_glass, glass_columns_c, glass_columns_b, glass_columns_b,
          glass_columns_a, glass_columns_a, glass_columns_a,
          nicolae_shop_firing_range
D:10:     layout_rooms, mainiacjoe_overflow_divided_tiny, uniq_erolcha
D:11:     layout_roguey, grunt_lair_entry_orc_guard_hut

Skill      XL: |  1  2  3  4  5  6  7  8  9 10 11 |
---------------+----------------------------------+-----
Spellcasting   | 4 6 7 9 12 | 12.0
Conjurations   | 3 4 6 8 11 12 | 12.0
Transmutations | 3 |  3.0
Earth Magic    | 8 |  8.2
Fire Magic     | 8 10 | 10.0
Dodging        | |  2.4
Stealth        | |  2.4

Action                     |  1- 3 |  4- 6 |  7- 9 | 10-12 || total
---------------------------+-------+-------+-------+-------++-------
  Melee: War axe           |       |       |       |     1 ||     1
         Punch             |       |       |       |     1 ||     1
   Cast: Sandblast         |    59 |    50 |   104 |   178 ||   391
         Stone Arrow       |       |     9 |    39 |    37 ||    85
         Fireball          |       |       |     4 |    12 ||    16
    Use: Scroll            |       |       |     7 |     3 ||    10
         Potion            |       |       |       |     8 ||     8
 Armour: Robe              |     1 |    20 |    17 |    25 ||    63
  Dodge: Dodged            |     6 |    36 |    34 |    67 ||   143

Table legend: (Time is in decaauts)
 A = Elapsed time spent in this place.
 B = Non-inter-level travel time spent in this place.
 C = Inter-level travel time spent in this place.
 D = Time resting spent in this place.
 E = Time spent auto-exploring this place.
 F = Levels seen in this place.
 G = Mean time per level.
                   A        B        C        D        E       F      G
               +--------+--------+--------+--------+--------+-----+--------+
         Total |  11713 |  11446 |    267 |   1073 |   8721 |  11 | 1064.8 |
       Dungeon |  11713 |  11446 |    267 |   1073 |   8721 |  11 | 1064.8 |
               +--------+--------+--------+--------+--------+-----+--------+

Top non-repeatable levels by time:
     D:9: 1869 daAuts
     D:7: 1726 daAuts
     D:6: 1304 daAuts
     D:5: 1199 daAuts
     D:1: 1179 daAuts
     D:4: 1096 daAuts
     D:8: 1034 daAuts
     D:3: 752 daAuts
    D:10: 710 daAuts
     D:2: 659 daAuts
    D:11: 182 daAuts
